 Dungeon Crawl Stone Soup version 0.16.1-11-g651b585 (webtiles) character file.

259232 karlm the Scorcher (level 20, -18/187 HPs)
             Began as a Naga Wizard on Apr 6, 2015.
             Was the Champion of Vehumet.
             Blown up by an orb spider (45 damage)
             ... with an orb of destruction
             ... on level 4 of the Spider Nest.
             The game lasted 06:03:26 (76601 turns).

karlm the Scorcher (Naga Wizard)                   Turns: 76601, Time: 06:03:26

Health: -18/187    AC: 12    Str:  9    XL:     20   Next: 31%
Magic:  2/54       EV: 16    Int: 31    God:    Vehumet [******]
Gold:   2056       SH:  0    Dex: 13    Spells: 12 memorised, 2 levels left

rFire  + . .     SeeInvis +     O - staff of power
rCold  + . .     Clarity  .     j - +1 robe {MR+}
rNeg   + . .     SustAb   +     (no shield)
rPois  +         Gourm    .     T - +0 hat {Int+3}
rElec  .         Spirit   .     l - +1 cloak
rCorr  .         Warding  +     P - +1 pair of gloves {Dex+3}
rMut   .         Stasis   .     (no barding)
MR     +++..                    x - amulet of warding
Stlth  ++........               E - ring of protection from fire
                                m - ring of Liberty {SustAb rC+}

@: lethally poisoned (-18 -> -42), delayed fireball, repel missiles, very slow,
extremely resistant to hostile enchantments, unstealthy
A: spit poison, constrict 1, see invisible, deformed body, poison resistance,
slowness 2, AC +6
a: Spit Poison, Renounce Religion, Release Delayed Fireball
}: 1/15 runes: decaying


You were on level 4 of the Spider Nest.
You worshipped Vehumet.
Vehumet was exalted by your worship.
You were very hungry.

You visited 7 branches of the dungeon, and saw 40 of its levels.
You visited 1 bazaar.
You also visited: Bailey, Ice Cave and Wizlab.

You collected 4507 gold pieces.
You spent 2451 gold pieces at shops.

Inventory:

Missiles
 e - 38 tomahawks (quivered)
 g - 10 throwing nets
Armour
 f - a +0 shield
 j - a +1 robe of magic resistance (worn)
 l - a +1 cloak (worn)
 P - a +1 pair of gloves of dexterity (worn)
 T - a +0 hat of intelligence (worn)
Magical staves
 O - an uncursed staff of power (weapon)
Jewellery
 d - an uncursed ring of magical power {unknown}
 m - the ring of Liberty (left hand) {SustAb rC+}
   (You found it on level 3 of the Elven Halls)

   [ring of sustain abilities]

   It sustains your strength, intelligence and dexterity.
   It protects you from cold.
 u - a +5 ring of evasion
 x - an amulet of warding (around neck)
 D - an uncursed ring of flight
 E - a ring of protection from fire (right hand)
Magical devices
 a - a wand of teleportation (4)
 Q - a wand of heal wounds (1)
 R - a wand of teleportation (0)
Scrolls
 k - 3 scrolls of identify
 n - 8 scrolls of remove curse
 s - 3 scrolls of summoning
 z - a scroll of fear
 B - 3 scrolls of immolation
 U - 3 scrolls of blinking
Potions
 c - a potion of magic
 h - 6 potions of haste
 t - 4 potions of restore abilities
 A - 3 potions of cancellation
 H - 18 potions of curing
 J - 2 potions of heal wounds
 K - a potion of resistance
 N - a potion of flight
Miscellaneous
 i - a phial of floods
 o - a plain deck of defence
 q - a plain deck of changes
Comestibles
 b - 7 meat rations
 p - a slice of pizza
 r - a poisonous chunk of flesh


   Skills:
 + Level 13.0 Fighting
 + Level 11.7 Dodging
 - Level 3.0 Stealth
 + Level 3.5 Shields
 + Level 12.1 Spellcasting
 * Level 17.5 Conjurations
 - Level 7.4 Charms
   Level 3.2 Summonings
 - Level 4.3 Necromancy
 - Level 1.0 Translocations
 * Level 18.6 Fire Magic


You had 2 spell levels left.
You knew the following spells:

 Your Spells              Type           Power        Failure   Level  Hunger
a - Bolt of Fire          Conj/Fire      #######...   1%          6    ####...
b - Fireball              Conj/Fire      #######...   1%          5    ##.....
c - Magic Dart            Conj           ####         0%          1    None
d - Iskenderun's Battles  Conj/Chrm      #######.     1%          5    ##.....
e - Conjure Flame         Conj/Fire      #######.     0%          3    None
f - Repel Missiles        Chrm/Air       #####.       1%          2    None
g - Mephitic Cloud        Conj/Pois/Air  ######..     1%          3    None
h - Regeneration          Chrm/Necr      ######....   1%          3    None
i - Blink                 Tloc           N/A          2%          2    None
j - Delayed Fireball      Conj/Fire      N/A          1%          7    ######.
k - Stoneskin             Trmt/Erth      ###.....     4%          2    None
l - Ring of Flames        Chrm/Fire      #######...   12%         7    ######.


Dungeon Overview and Level Annotations

Branches:
Dungeon (15/15)            Temple (1/1) D:7            Lair (8/8) D:10
  Swamp (5/5) Lair:3       Spider (4/5) Lair:5        Slime (0/6) Lair:6
    Orc (4/4) D:11            Elf (3/3) Orc:4        Vaults (0/5) D:14
 Depths (0/5) D:15

Altars:
Ashenzari
Cheibriados
Dithmenos
Elyvilon
Fedhas
Gozag
Kikubaaqudgha
Makhleb
Nemelex Xobeh
Okawaru
Qazlal
Ru
Sif Muna
Trog
Vehumet
Xom
Yredelemnul
Zin
The Shining One

Shops:
D:6 **::   D:10 (   Orc:2 (   Orc:3 }   Orc:4 [(![}   Elf:3 [

Annotations:
D:3 exclusion: oklob plant


Innate Abilities, Weirdness & Mutations

You cannot wear boots.
You can spit poison.
You can use your snake-like lower body to constrict enemies.
Your serpentine skin is tough (AC +6).
You have supernaturally acute eyesight.
Armour fits poorly on your strangely shaped body.
Your system is resistant to poisons.
You cover ground very slowly.


Message History

You feel very sick.
The orb of destruction hits the ghost moth.
The ghost moth stares at your battlesphere.
* * * LOW HITPOINT WARNING * * *
You feel very sick.
The orb spider pulsates with a strange energy.
The ghost moth stares at your battlesphere.
* * * LOW HITPOINT WARNING * * *
You feel very sick.
The ghost moth stares at your battlesphere.
The orb spider weaves a glowing orb of energy.
* * * LOW HITPOINT WARNING * * *
You feel very sick.
The ghost moth stares at something.
The ghost moth barely misses something.
The ghost moth hits something.
The ghost moth stings something!
* * * LOW HITPOINT WARNING * * *
You feel very sick. The orb of destruction hits you!
You die...

.#.###..# #..#..###....†.....
###.....### #.§..## ###........
##.......#####§s.## ##.......
#........^.##.§...### ###.....
##.........##..§.....#######.^...
#............#.§...........^..†..
............#...§.....####..###..
..###.......#...§...#####...# ##^
##.##...........@.### ##....## ##
##...^.###.#.###...###..#...##
#....####..................)##
##.^##.....####...............##
##..#####...# #................##
#...# ##....# #>.................
#...# #....## ##.................
^#..# #....# #................#
#...###...## ##...............#


You could see an orb spider.

Vanquished Creatures
  the Lernaean hydra (Swamp:5)
  Nikola (Swamp:3)
  A tentacled monstrosity (Swamp:4)
  2 deep elf blademasters (Elf:3)
  2 deep elf master archers (Elf:3)
  4 thorn hunters
  Kirke (Spider:2)
  Roxanne (Spider:1)
  Wiglaf (Swamp:2)
  An emperor scorpion (Spider:2)
  3 deep elf sorcerers
  Gastronok (D:8)
  An orc warlord (Bailey)
  8 deep elf demonologists
  9 deep elf annihilators (Elf:3)
  10 deep elf death magi
  An ettin (Orc:4)
  2 yaktaur captains
  A deep elf high priest (Elf:3)
  A rakshasa (D:15)
  Harold (Lair:6)
  Nessos (Elf:2)
  3 catoblepae (Lair:8)
  23 hydras
  3 ghost crabs (Swamp:5)
  Erica (Lair:6)
  5 centaur warriors
  12 dancing weapons (Elf:2)
  15 alligators
  An alligator (shapeshifter) (D:11)
  13 death yaks
  5 tengu warriors
  10 spriggans
  22 deep elf knights
  4 skeletal warriors (D:13)
  2 ice devils
  2 wizards
  3 spriggan druids
  9 deep elf summoners
  3 ice statues
  17 swamp dragons
  3 unseen horrors
  2 shambling mangroves
  2 orc sorcerers
  13 deep elf conjurers
  A spectral hydra (Swamp:5)
  A large abomination (Elf:3)
  5 orc knights
  7 hill giants
  A manticore (D:15)
  21 wolf spiders
  2 griffons
  2 cyclopes
  A cyclops (shapeshifter) (Elf:2)
  15 orb spiders
  3 hornets
  12 ugly things
  4 elephants (Lair:7)
  2 moths of wrath (Spider:2)
  9 black mambas
  22 spiny frogs
  Psyche (D:8)
  3 centaur skeletons
  4 gargoyles
  20 komodo dragons
  21 demonic crawlers
  4 yaktaurs
  3 fire drakes
  14 deep elf priests
  2 polar bears
  A queen bee (Lair:5)
  2 tengu conjurers
  A red devil (Elf:3)
  22 jumping spiders
  4 wandering mushrooms (Lair:5)
  5 trolls
  4 two-headed ogres
  4 basilisks
  3 baby alligators (Swamp:3)
  18 ravens
  4 boulder beetles
  A harpy skeleton (D:15)
  9 slime creatures
  6 blue devils (IceCv)
  11 bog bodies
  8 giant leeches
  17 blink frogs
  A tarantella (shapeshifter) (Elf:1)
  6 wyverns
  A spriggan (shapeshifter) (D:13)
  17 tarantellas
  24 redbacks
  2 shadows
  47 yaks
  17 trapdoor spiders
  A neqoxec (Elf:3)
  3 vampires
  A ynoxinul (Elf:3)
  Eustachio (D:8)
  21 vampire mosquitoes
  4 hungry ghosts
  35 deep elf fighters
  2 wraiths (D:14)
  33 deep elf magi
  3 hogs (Spider:2)
  2 wargs
  A hippogriff (shapeshifter) (D:15)
  9 wolves
  15 insubstantial wisps
  A spectral raven (Swamp:5)
  33 swamp worms
  13 hippogriffs
  A small abomination (Elf:3)
  9 wasps
  14 porcupines
  23 water moccasins
  26 spiders
  4 sky beasts
  24 ice beasts
  50 orc warriors
  17 swamp drakes
  A black bear (D:11)
  7 boggarts
  11 ogres
  19 crocodiles
  9 centaurs
  2 phantoms
  2 big kobolds (D:10)
  32 giant frogs
  A wyvern skeleton (D:13)
  2 water moccasin zombies (D:11)
  30 killer bees
  7 scorpions
  14 wights
  6 crimson imps
  10 electric eels
  4 goliath beetles (Spider:3)
  A wasp zombie (D:12)
  4 centaur zombies
  9 hounds
  6 jellies
  5 iguanas
  22 orc priests
  A quasit (D:10)
  3 giant frog skeletons
  2 giant frog zombies
  A hell rat (Elf:1)
  3 worker ants
  31 sheep
  38 orc wizards
  A killer bee zombie (D:8)
  2 ogre zombies (WizLab)
  A hound zombie (D:11)
  A mummy (D:10)
  14 gnolls
  67 river rats
  A worker ant zombie (D:7)
  15 adders
  2 giant mites (D:10)
  8 white imps
  2 worms (D:2)
  A shadow imp (D:13)
  8 ufetubi
  An adder skeleton (D:9)
  5 giant geckos
  3 oozes
  231 orcs
  13 bats
  A bat zombie (D:5)
  5 giant cockroaches
  32 hobgoblins
  18 kobolds
  A ball python (D:4)
  5 giant newts
  8 giant spores
  53 goblins
  10 jackals
  A jackal skeleton (D:7)
  An orc zombie (D:13)
  11 quokkas
  8 rats
  53 ballistomycetes
  A bush (Lair:6)
  2 crawling corpses (Elf:3)
  2 fungi (Lair:8)
  A plant (Lair:7)
1860 creatures vanquished.

Vanquished Creatures (collateral kills)
  A spiny frog (D:10)
  A hippogriff (D:7)
  A hungry ghost (D:9)
  2 ice beasts
  2 phantoms
  2 centaurs
  4 giant frogs
  2 scorpions
  3 wights
  A crimson imp (D:5)
  A giant frog zombie (D:5)
  5 orc priests
  3 goliath beetles
  3 hounds
  A jelly (D:6)
  A giant frog skeleton (D:6)
  An iguana (D:7)
  3 orc wizards
  3 worker ants
  3 sheep (D:8)
  A mummy (D:8)
  Robin (D:3)
  2 gnolls (D:7)
  10 adders
  2 worms
  4 adder skeletons
  An adder zombie (D:5)
  16 orcs
  4 bats
  A bat zombie (D:7)
  A giant cockroach (D:3)
  7 goblins
  8 hobgoblins
  4 jackals
  5 kobolds
  A quokka (D:7)
  2 ball pythons
  3 giant geckos
  A giant newt (D:6)
  A giant spore (D:7)
  3 quokka zombies
  4 rats
  14 ballistomycetes
139 creatures vanquished.

Vanquished Creatures (others)
  A deep elf knight (Elf:2)
  A raven (Swamp:2)
  2 humans (Spider:2)
  A wasp (Swamp:5)
  An ogre (D:8)
  5 lost souls (Elf:3)
  A wight (D:6)
  39 crimson imps
  3 iron imps
  8 shadow imps
  21 white imps
  An ufetubus (IceCv)
  A giant gecko (D:7)
  A bat (D:2)
  13 giant spores
  A ballistomycete (D:8)
  17 fungi
  10 plants
  8 toadstools (Swamp:1)
135 creatures vanquished.

Grand Total: 2134 creatures vanquished

Notes
Turn   | Place    | Note
--------------------------------------------------------------
     0 | D:1      | karlm, the Naga Wizard, began the quest for the Orb.
     0 | D:1      | Reached XP level 1. HP: 15/15 MP: 4/4
   176 | D:1      | Reached XP level 2. HP: 22/22 MP: 0/6
   185 | D:1      | Learned a level 2 spell: Call Imp
   751 | D:2      | Found a white marble altar of Elyvilon.
   775 | D:2      | Reached XP level 3. HP: 28/28 MP: 0/8
  1415 | D:2      | Reached XP level 4. HP: 36/36 MP: 1/9
  1929 | D:3      | Learned a level 3 spell: Conjure Flame
  1933 | D:3      | Learned a level 3 spell: Mephitic Cloud
  2025 | D:3      | Found a blossoming altar of Fedhas.
  2088 | D:3      | Noticed an oklob plant
  2200 | D:3      | Found a sacrificial altar of Ru.
  2201 | D:3      | Noticed Robin
  2538 | D:3      | Killed Robin
  2538 | D:3      | Reached XP level 5. HP: 39/42 MP: 1/12
  2703 | D:3      | Found a bloodstained altar of Trog.
  2708 | D:3      | Found a stormy altar of Qazlal.
  3535 | D:4      | Noticed an ice beast
  3551 | D:4      | Killed an ice beast
  3551 | D:4      | Reached skill level 4 in Spellcasting
  3551 | D:4      | Reached XP level 6. HP: 37/49 MP: 1/15
  3565 | D:4      | Found an iron altar of Okawaru.
  3737 | D:4      | Noticed an ogre
  3754 | D:5      | Entered Level 5 of the Dungeon
  3897 | D:5      | Learned a level 2 spell: Searing Ray
  3915 | D:5      | Found an ancient bone altar of Kikubaaqudgha.
  4228 | D:5      | Found a deep blue altar of Sif Muna.
  5032 | D:4      | Killed an ogre
  5032 | D:4      | Reached XP level 7. HP: 55/55 MP: 2/17
  5785 | D:6      | Found Shosk's Book Shop.
  5810 | D:6      | Found Kalufuh's Assorted Antiques.
  6027 | D:6      | Found Mnubosig's Serpentskin Sales.
  6119 | D:6      | Reached skill level 5 in Conjurations
  6193 | D:6      | Found a deep blue altar of Sif Muna.
  6194 | D:6      | Found a shimmering altar of Xom.
  6268 | D:6      | Found Croacif's Book Emporium.
  6278 | D:6      | Learned a level 2 spell: Repel Missiles
  6402 | D:6      | Reached skill level 1 in Fire Magic
  7179 | D:6      | Reached XP level 8. HP: 33/63 MP: 0/19
  7855 | D:7      | Found a staircase to the Ecumenical Temple.
  7865 | Temple   | Entered the Ecumenical Temple
  7931 | Temple   | Became a worshipper of Vehumet
  8048 | D:7      | Reached skill level 1 in Fighting
  8758 | D:7      | Found a basalt altar of Yredelemnul.
  9438 | D:7      | Reached skill level 6 in Conjurations
  9474 | D:7      | Reached skill level 5 in Spellcasting
 10874 | D:7      | Reached XP level 9. HP: 39/74 MP: 1/21
 11349 | D:8      | Learned a level 4 spell: Iskenderun's Mystic Blast
 11682 | D:8      | Acquired Vehumet's first power
 11682 | D:8      | Offered knowledge of Sandblast by Vehumet.
 11682 | D:8      | Reached skill level 7 in Conjurations
 11775 | D:8      | Found a burning altar of Makhleb.
 11779 | D:8      | Noticed Eustachio
 11809 | D:8      | Killed Eustachio
 12331 | D:8      | Noticed Psyche
 12621 | D:8      | Found a shadowy altar of Dithmenos.
 12944 | D:8      | Noticed Gastronok
 12965 | D:8      | Killed Gastronok
 12965 | D:8      | Reached skill level 5 in Dodging
 12965 | D:8      | Reached skill level 8 in Conjurations
 12965 | D:8      | Reached XP level 10. HP: 30/86 MP: 1/24
 13278 | D:8      | Killed Psyche
 13836 | D:8      | Reached skill level 5 in Fire Magic
 13894 | D:8      | Reached skill level 9 in Conjurations
 14275 | D:8      | Noticed a cyclops
 14518 | D:8      | Offered knowledge of Flame Tongue by Vehumet.
 15716 | D:9      | Reached skill level 5 in Fighting
 16146 | D:9      | Offered knowledge of Static Discharge by Vehumet.
 16535 | D:9      | Acquired Vehumet's second power
 16976 | D:10     | Entered Level 10 of the Dungeon
 17028 | D:10     | Found Qaedam's Antique Weapon Shop.
 17076 | D:10     | Found a staircase to the Lair.
 17708 | D:10     | Reached skill level 10 in Conjurations
 17708 | D:10     | Reached XP level 11. HP: 19/96 MP: 15/25
 18209 | D:10     | Offered knowledge of Airstrike by Vehumet.
 19045 | D:11     | Noticed a hill giant
 19054 | D:11     | Killed a hill giant
 19273 | D:11     | Acquired Vehumet's third power
 19379 | Lair:1   | Entered Level 1 of the Lair of Beasts
 20471 | Lair:1   | Got a scorched war axe
 20472 | Lair:1   | Identified the cursed +3 war axe "Shi Dud" {chop, -Tele +Rage Dex+2} (You found it on level 1 of the Lair of Beasts)
 20637 | Lair:1   | Learned a level 5 spell: Iskenderun's Battlesphere
 20754 | Lair:1   | Offered knowledge of Fireball by Vehumet.
 20872 | Lair:1   | Learned a level 5 spell: Fireball
 21863 | Lair:2   | Reached skill level 11 in Conjurations
 22171 | Lair:2   | Reached XP level 12. HP: 56/106 MP: 14/27
 22919 | Lair:2   | Noticed a six-headed hydra
 22926 | Lair:2   | Killed a six-headed hydra
 23895 | Lair:3   | Offered knowledge of Ignite Poison by Vehumet.
 23901 | Lair:3   | Learned a level 3 spell: Regeneration
 24038 | Lair:3   | Reached skill level 12 in Conjurations
 24169 | Lair:3   | Found a staircase to the Swamp.
 24586 | Lair:4   | Noticed a seven-headed hydra
 24590 | Lair:4   | Killed a seven-headed hydra
 24590 | Lair:4   | Reached skill level 1 in Necromancy
 25017 | Lair:4   | Learned a level 2 spell: Blink
 25202 | Lair:4   | Reached XP level 13. HP: 117/117 MP: 12/29
 27375 | Lair:5   | Found a hole to the Spider Nest.
 27666 | Lair:5   | Offered knowledge of Delayed Fireball by Vehumet.
 27756 | Lair:5   | Learned a level 7 spell: Delayed Fireball
 27970 | Lair:6   | Noticed Harold
 27977 | Lair:6   | Killed Harold
 28105 | Lair:6   | Noticed Erica
 28120 | Lair:6   | Killed Erica
 28170 | Lair:6   | Found a staircase to the Slime Pits.
 30012 | D:5      | Got a twisted leather armour
 30024 | D:5      | Identified the +2 leather armour of the Saviour {rPois rN+ Int+2} (You found it on level 5 of the Dungeon)
 30091 | D:6      | Bought a book of Flames for 385 gold pieces
 30237 | Lair:1   | Learned a level 5 spell: Fireball
 30328 | Lair:3   | Reached skill level 13 in Conjurations
 30513 | Lair:7   | Reached skill level 10 in Fire Magic
 31656 | Lair:7   | Offered knowledge of Freezing Cloud by Vehumet.
 31786 | Lair:7   | Reached XP level 14. HP: 127/127 MP: 31/31
 33050 | Lair:8   | Entered Level 8 of the Lair of Beasts
 34177 | Lair:8   | Offered knowledge of Bolt of Cold by Vehumet.
 35948 | Lair:8   | HP: 2/127 [catoblepas (20)]
 36283 | Lair:8   | Identified the Almanac of Execration
 36481 | Lair:3   | Reached skill level 14 in Fire Magic
 36747 | D:11     | Found a sparkling altar of Nemelex Xobeh.
 36808 | D:11     | Noticed a tengu warrior
 36816 | D:11     | Killed a tengu warrior
 37165 | D:11     | Reached XP level 15. HP: 135/135 MP: 21/32
 37590 | D:11     | Found a staircase to the Orcish Mines.
 37604 | Orc:1    | Entered Level 1 of the Orcish Mines
 37671 | Orc:1    | Found a bloodstained altar of Trog.
 37825 | Orc:1    | Found a frozen archway.
 37844 | IceCv    | Entered an ice cave
 39022 | Orc:1    | Offered knowledge of Bolt of Fire by Vehumet.
 39030 | Orc:1    | Learned a level 6 spell: Bolt of Fire
 40236 | Orc:2    | Found Pegajare's Weapon Boutique.
 40380 | Orc:3    | Offered knowledge of Poison Arrow by Vehumet.
 40460 | Orc:3    | Found a flagged portal.
 40474 | Bailey   | Entered a bailey
 41117 | Orc:3    | Found Chec's Gadget Emporium.
 41281 | Orc:4    | Entered Level 4 of the Orcish Mines
 41432 | Orc:4    | Offered knowledge of Conjure Ball Lightning by Vehumet.
 41954 | Orc:4    | Found Gumomp's Distillery.
 41954 | Orc:4    | Found Ydwirabit's Antique Weapon Emporium.
 42152 | Orc:4    | Found Proddusy's Antique Armour Shoppe.
 42154 | Orc:4    | Found Ocyarph's Armour Boutique.
 42241 | Orc:4    | Found Nesaq's Gadget Boutique.
 42585 | Orc:4    | Bought a potion of heal wounds for 80 gold pieces
 42585 | Orc:4    | Bought a potion of heal wounds for 80 gold pieces
 42585 | Orc:4    | Bought a potion of curing for 48 gold pieces
 42585 | Orc:4    | Bought a potion of haste for 160 gold pieces
 42585 | Orc:4    | Bought a potion of haste for 160 gold pieces
 42585 | Orc:4    | Bought a potion of curing for 48 gold pieces
 42738 | Orc:4    | Offered knowledge of Fire Storm by Vehumet.
 42738 | Orc:4    | Offered knowledge of Glaciate by Vehumet.
 42738 | Orc:4    | Offered knowledge of Shatter by Vehumet.
 42814 | Orc:4    | Found a staircase to the Elven Halls.
 44600 | D:13     | Reached skill level 10 in Fighting
 44665 | D:13     | Reached skill level 15 in Fire Magic
 45000 | D:13     | Reached skill level 1 in Shields
 46150 | D:14     | Found a gate to the Vaults.
 46437 | D:14     | Got an ancient demon trident
 46438 | D:14     | Identified the +5 demon trident of Nuran {flame, Contam rPois Str-4 Dex+8} (You found it on level 14 of the Dungeon)
 46747 | D:14     | Reached XP level 16. HP: 146/146 MP: 10/33
 47148 | D:14     | Found a glowing golden altar of the Shining One.
 47184 | D:15     | Entered Level 15 of the Dungeon
 47344 | D:15     | Reached skill level 10 in Spellcasting
 48651 | D:15     | Found a staircase to the Depths.
 49270 | Spider:1 | Entered Level 1 of the Spider Nest
 50510 | Spider:1 | Noticed Roxanne
 51067 | Spider:1 | Killed Roxanne
 51662 | Spider:2 | Noticed Kirke
 52266 | Spider:2 | Reached skill level 16 in Fire Magic
 52571 | Spider:2 | Reached skill level 10 in Dodging
 52670 | Spider:2 | Killed Kirke
 53074 | Spider:1 | HP: 3/148 [emperor scorpion (10)]
 53092 | Spider:1 | HP: 7/148 [poisoned by an emperor scorpion]
 53097 | Spider:1 | HP: 4/148 [poisoned by an emperor scorpion]
 53103 | Spider:1 | HP: 2/148 [poisoned by an emperor scorpion]
 53110 | Spider:1 | HP: 2/148 [poisoned by an emperor scorpion]
 53117 | Spider:1 | HP: 2/148 [poisoned by an emperor scorpion]
 53125 | Spider:1 | HP: 3/148 [poisoned by an emperor scorpion]
 53555 | Spider:1 | Learned a level 2 spell: Stoneskin
 53608 | Spider:2 | Reached XP level 17. HP: 42/157 MP: 4/34
 55207 | Swamp:1  | Entered Level 1 of the Swamp
 55676 | Swamp:1  | Reached skill level 1 in Charms
 55731 | Swamp:1  | Reached skill level 15 in Conjurations
 57264 | Swamp:2  | Noticed Wiglaf
 57270 | Swamp:2  | Killed Wiglaf
 60151 | Swamp:3  | Noticed Nikola
 60156 | Swamp:3  | Killed Nikola
 61254 | Swamp:3  | HP: 6/158 [slime creature (2)]
 62657 | Swamp:4  | Reached XP level 18. HP: 133/166 MP: 24/35
 63284 | Swamp:4  | Noticed a tentacled monstrosity
 63294 | Swamp:4  | Killed a tentacled monstrosity
 63294 | Swamp:4  | Reached skill level 17 in Fire Magic
 63581 | Swamp:5  | Entered Level 5 of the Swamp
 65762 | Swamp:5  | Noticed the 27-headed Lernaean hydra
 65767 | Swamp:5  | Killed the 27-headed Lernaean hydra
 65767 | Swamp:5  | Reached skill level 5 in Charms
 65969 | Swamp:5  | Got a decaying rune of Zot
 66561 | Elf:1    | Entered Level 1 of the Elven Halls
 67951 | Elf:2    | Found a magical portal.
 67976 | WizLab   | Entered Zonguldrok's Shrine
 68279 | Elf:2    | Noticed a Brimstone Fiend
 68433 | Elf:2    | Reached XP level 19. HP: 176/176 MP: 36/36
 68605 | Elf:2    | Found a gateway to a bazaar.
 68609 | Bazaar   | Entered a bazaar
 68609 | Bazaar   | Found Wivao's Distillery.
 68616 | Bazaar   | Bought a potion of curing for 51 gold pieces
 68616 | Bazaar   | Bought 2 potions of curing for 102 gold pieces
 68616 | Bazaar   | Bought a potion of curing for 51 gold pieces
 68616 | Bazaar   | Bought a potion of restore abilities for 85 gold pieces
 68633 | Bazaar   | Found Stiteorch's Antique Armour Shop.
 68642 | Bazaar   | Bought a pitted hat for 297 gold pieces
 68652 | Bazaar   | Identified the +0 hat of Orthodoxy {rC+ rN+ Slay+2 Stlth-} (You bought it in a shop in a bazaar)
 68673 | Bazaar   | Found Fegam's Antique Weapon Shop.
 68696 | Bazaar   | Bought 2 potions of haste for 340 gold pieces
 68711 | Bazaar   | Bought the +3 hat of Pondering {ponderous, MR+ MP+10 Int+5} for 564 gold pieces
 69088 | Elf:2    | Found a huge runed gate.
 69089 | Elf:2    | Found a huge runed gate.
 69092 | Elf:2    | Found a huge runed gate.
 69317 | Elf:2    | Noticed Nessos
 69331 | Elf:2    | HP: 8/176 [scimitar of holy wrath (28)]
 70405 | Elf:2    | Killed Nessos
 70663 | Elf:2    | Reached skill level 18 in Fire Magic
 70822 | Elf:3    | Entered Level 3 of the Elven Halls
 71092 | Elf:3    | Found Smaczadi's Armour Shoppe.
 72183 | Elf:3    | Got a crystal battleaxe
 72194 | Elf:3    | Identified the Disquisition on Conjuration and Protection
 72200 | Elf:3    | Identified Threomoic's Guide on Calling
 72224 | Elf:3    | Identified the Compendium of Aerial Attacks (You found it on level 3 of the Elven Halls)
 72338 | Elf:3    | Got a fine platinum ring
 72340 | Elf:3    | Identified the ring of Liberty {SustAb rC+} (You found it on level 3 of the Elven Halls)
 72385 | Elf:3    | Identified the cursed +3 battleaxe "Ox" {venom, Noisy rPois rC+ Str+4 Stlth+} (You found it on level 3 of the Elven Halls)
 72390 | Elf:3    | Got a fine long sword
 72391 | Elf:3    | Identified the cursed +1 long sword "Khoh" {flame, rN+ MP+9 Str+2 Dex-5} (You found it on level 3 of the Elven Halls)
 72621 | Elf:3    | Reached XP level 20. HP: 180/186 MP: 16/37
 73521 | Lair:1   | Learned a level 7 spell: Ring of Flames
 76601 | Spider:4 | Blown up by an orb spider

Action                   |  1- 3 |  4- 6 |  7- 9 | 10-12 | 13-15 | 16-18 | 19-21 || total
-------------------------+-------+-------+-------+-------+-------+-------+-------++-------
Melee: Dagger            |     4 |       |       |       |       |       |       ||     4
       Trident           |       |    20 |   280 |   167 |     1 |       |       ||   468
       Staff             |       |       |       |       |   192 |    19 |    19 ||   230
       Unarmed           |       |       |       |       |       |    12 |     1 ||    13
 Cast: Magic Dart        |    37 |    54 |    95 |   582 |  1128 |   876 |   182 ||  2954
       Call Imp          |    26 |    72 |   217 |    72 |       |       |       ||   387
       Mephitic Cloud    |       |     4 |    14 |    20 |       |       |       ||    38
       Searing Ray       |       |     7 |    61 |    68 |       |       |       ||   136
       Conjure Flame     |       |     3 |    19 |   108 |    24 |       |     1 ||   155
       Repel Missiles    |       |       |     2 |     2 |     3 |     1 |     1 ||     9
       Iskenderun's Myst |       |       |     4 |       |       |       |       ||     4
       Iskenderun's Batt |       |       |       |    76 |   335 |   229 |    73 ||   713
       Fireball          |       |       |       |    24 |   150 |    22 |    34 ||   230
       Delayed Fireball  |       |       |       |       |     4 |       |       ||     4
       Regeneration      |       |       |       |       |     5 |     3 |       ||     8
       Blink             |       |       |       |       |     3 |     3 |     1 ||     7
       Bolt of Fire      |       |       |       |       |   136 |   388 |   174 ||   698
       Ring of Flames    |       |       |       |       |       |       |     4 ||     4
 Abil: Spit Poison       |    26 |    30 |    17 |     8 |     2 |       |     4 ||    87
       Release Delayed F |       |       |       |       |     3 |       |       ||     3
Evoke: Wand              |       |       |     2 |     5 |     1 |     6 |     2 ||    16
       Sack of spiders   |       |       |       |       |       |       |     1 ||     1
  Use: Scroll            |       |     6 |     1 |    16 |    13 |    18 |     7 ||    61
       Potion            |       |       |     4 |     7 |     1 |     9 |    11 ||    32
 Stab: Sleeping          |       |       |     2 |       |       |       |       ||     2
       Distracted        |       |       |     1 |     1 |     1 |       |       ||     3
  Eat: Chunk             |     4 |    14 |    26 |    45 |   145 |   120 |    43 ||   397
       Beef jerky        |       |       |     2 |     5 |     2 |     2 |     1 ||    12
       Meat ration       |       |       |       |     2 |     1 |     3 |     1 ||     7
       Pizza             |       |       |       |       |     3 |     2 |       ||     5
       Bread ration      |       |       |       |       |     5 |     7 |     1 ||    13
       Royal jelly       |       |       |       |       |     1 |     1 |     6 ||     8
       Fruit             |       |       |       |       |       |     4 |       ||     4
